 Dungeon Crawl Stone Soup version 0.30.0-29-ga12c61a403 (webtiles) character file.

Game seed: 12430327361723563211

682748 monsoonserge the Conqueror (level 27, -8/273 HPs)
             Began as a Hill Orc Fighter on June 1, 2023.
             Was an Initiate of Gozag.
             Mangled by a death scarab (19 damage)
             ... on level 3 of the Tomb of the Ancients on June 3, 2023.
             The game lasted 10:55:42 (92211 turns).

monsoonserge the Conqueror (Hill Orc Fighter)      Turns: 92211, Time: 10:55:42

Health: -8/273     AC: 29    Str: 34    XL:     27
Magic:  3/26       EV: 18    Int:  8    God:    Gozag
Gold:   13858      SH:  0    Dex: 21    Spells: 26/30 levels left

rFire   + . .        M - +5 Lochaber axe {reach-cleave, Poleaxe Drain}
rCold   + + .        (shield currently unavailable)
rNeg    + + +        O - +3 pearl dragon scales of Charity {rPois rN+ Str+7}
rPois   +            r - +2 helmet {SInv}
rElec   +            V - scarf {rC+ rF+}
rCorr   +            W - +2 pair of gloves {infuse}
SInv    +            p - +3 pair of seven-league boots {Rampage+∞}
Will    +++++        G - amulet of the Four Winds {rN+ Will+++ Clar}
Stlth   +++++        D - ring "Puohoxeitt" {rPois rC+ rN+ rCorr}
HPRegen 0.65/turn    B - ring "Kenwor" {rElec rN+ Dex+3 Slay+2}
MPRegen 0.20/turn

%: clarity, rampage+∞, infuse magic (1 MP)
@: marked, gold aura, slowed, studying 3 skills, bribing [the Tomb of the
Ancients], very slow
A: hooves 1, thin skeletal structure 1, deformed body, MP-powered wands
}: 4/15 runes: decaying, slimy, silver, gossamer
a: Renounce Religion, Potion Petition, Call Merchant, Bribe Branch


You were on level 3 of the Tomb of the Ancients.
You worshipped Gozag.
Gozag was extremely pleased with you.
You visited 15 branches of the dungeon, and saw 62 of its levels.
You visited the Abyss 3 times.
You also visited: Bailey, Gauntlet and Ice Cave.

You collected 31649 gold pieces.
You spent 6598 gold pieces at shops.
You paid 11193 gold pieces to Gozag.

Inventory:

Hand Weapons
 a - the +3 greatsling "Punk" {acid, rCorr}
   (You bought it in a shop on level 4 of the Dungeon)

   rCorr:     It protects you from acid and corrosion.
 b - the +10 broad axe of Feppiudgh {flame, rC+ Int+2 Dex+2}
   (You found it on level 8 of the Dungeon)

   Int:       It affects your intelligence (+2).
   Dex:       It affects your dexterity (+2).
   rC:        It protects you from cold.
 M - the +5 Lochaber axe (weapon) {reach-cleave, Poleaxe Drain}
   (You found it on level 2 of the Realm of Zot)

   Poleaxe:   It uses either Axes or Polearms skill, whichever is higher.
   Drain:     It drains your maximum health when unequipped.
Missiles
 d - 4 atropa-tipped darts
 m - 7 datura-tipped darts
 u - 9 boomerangs of dispersal
 v - 5 silver javelins
 H - 4 silver boomerangs (quivered)
 K - 5 throwing nets
 Q - 9 curare-tipped darts
Armour
 c - a +0 kite shield of reflection
 p - the +3 pair of seven-league boots (worn) {Rampage+∞}
   (You bought it in a shop on level 14 of the Dungeon)

   Rampage+∞: When moving toward enemies, its wearer moves as far as possible,
   alerting their target en route.
 r - a +2 helmet of see invisible (worn)
 I - the +0 kite shield of Jemet {Will+++}
   (You acquired it on level 2 of the Vaults)

   Will:      It greatly increases your willpower.
 O - the +3 pearl dragon scales of Charity (worn) {rPois rN+ Str+7}
   (You took it off a guardian mummy on level 1 of the Tomb of the Ancients)

   Str:       It affects your strength (+7).
   rPois:     It protects you from poison.
   rN:        It protects you from negative energy.
 T - the +7 plate armour of Nuidom {rElec}
   (You found it on level 5 of the Lair of Beasts)

   rElec:     It insulates you from electricity.
 V - a scarf of resistance (worn)
 W - a +2 pair of gloves of infusion (worn)
Jewellery
 s - a ring of the Octopus King {HP+2 MP+9 AC+2 EV+2 SH+2}
   (You took it off an ironbound convoker on level 4 of the Vaults)

   [ring of magical power]

   AC:        It affects your AC (+2).
   EV:        It affects your evasion (+2).
   HP:        It affects your health (+2).
   MP:        It affects your magic capacity (+9).
   SH:        It affects your SH (+2).
 y - the dreamshard necklace {*Dream Drain}
   (You found it on level 5 of the Pits of Slime)

   [amulet of nothing]

   *Dream:    It shatters if its wearer takes lethal or near-lethal damage,
   preventing the blow and releasing protective dreams that heal and fight for
   the wearer.
   Drain:     It drains your maximum health when unequipped.
 B - the ring "Kenwor" (right hand) {rElec rN+ Dex+3 Slay+2}
   (You took it off a deep elf elementalist on level 3 of the Elven Halls)

   [ring of positive energy]

   Dex:       It affects your dexterity (+3).
   Slay:      It affects your accuracy & damage with ranged weapons and melee
   (+2).
   rElec:     It insulates you from electricity.
   rN:        It protects you from negative energy.
 D - the ring "Puohoxeitt" (left hand) {rPois rC+ rN+ rCorr}
   (You found it in a Gauntlet)

   [ring of poison resistance]

   rC:        It protects you from cold.
   rPois:     It protects you from poison.
   rN:        It protects you from negative energy.
   rCorr:     It protects you from acid and corrosion.
 G - the amulet of the Four Winds (around neck) {rN+ Will+++ Clar}
   (You bought it in a shop on level 14 of the Dungeon)

   [amulet of nothing]

   rN:        It protects you from negative energy.
   Clar:      It protects you from confusion, rage, mesmerisation and fear.
   Will:      It greatly increases your willpower.
Wands
 t - a wand of mindburst (17)
 A - a wand of polymorph (25)
 C - a wand of paralysis (60)
 J - a wand of roots (55)
 U - a wand of light (15)
Scrolls
 f - 8 scrolls of fog
 g - 9 scrolls of immolation
 j - a scroll of torment
 k - a scroll of blinking
 n - 9 scrolls of magic mapping
 F - 21 scrolls of teleportation
 L - 3 scrolls of silence
 N - 8 scrolls of poison
 S - 12 scrolls of fear
 Z - 5 scrolls of summoning
Potions
 e - 9 potions of might
 h - 2 potions of invisibility
 l - 16 potions of lignification
 o - a potion of heal wounds
 q - 5 potions of berserk rage
 w - 12 potions of cancellation
 x - 10 potions of mutation
 z - 30 potions of curing
 E - 3 potions of resistance
 R - 6 potions of haste
Miscellaneous
 i - the horn of Geryon
 P - a tin of tremorstones (2/2)
 X - a lightning rod (4/4)
 Y - a phantom mirror


   Skills:
 O Level 27 Fighting
 - Level 26.9(27) Axes
 - Level 4.4(15.9) Maces & Flails
 - Level 4.9(16.0) Polearms
 - Level 17.6 Ranged Weapons
 - Level 9.0 Throwing
 + Level 20.3 Armour
 + Level 10.7 Dodging
 + Level 13.6 Stealth
 - Level 24.3 Shields
 - Level 2.0 Spellcasting
 * Level 2.7 Translocations
 - Level 13.0 Evocations


You had 26 spell levels left.
You knew the following spells:

 Your Spells              Type           Power      Damage    Failure   Level
a - Passwall              Tmut/Erth      0%         N/A       63%         2
b - Blink                 Tloc           10%        N/A       28%         2

Your spell library contained the following spells:

 Spells                   Type           Power      Damage    Failure   Level
 Apportation              Tloc           10%        N/A       19%         1
 Lesser Beckoning         Tloc           10%        N/A       28%         2
 Beastly Appendage        Tmut           0%         N/A       50%         1
 Foxfire                  Conj/Fire      0%         2x1d4     50%         1
 Magic Dart               Conj           0%         1d3       50%         1
 Sandblast                Erth           0%         2d4       50%         1
 Summon Small Mammal      Summ           0%         N/A       50%         1
 Gell's Gravitas          Tloc           5%         N/A       50%         3
 Teleport Other           Tloc           5%         N/A       50%         3
 Call Imp                 Summ           0%         N/A       63%         2
 Cigotuvi's Dreadful Rot  Necr/Pois/Air  0%         N/A       63%         2
 Ensorcelled Hibernation  Hex/Ice        0%         N/A       63%         2
 Searing Ray              Conj           0%         2d4       63%         2
 Sublimation of Blood     Necr           0%         N/A       63%         2
 Wereblood                Tmut           0%         N/A       63%         2
 Portal Projectile        Hex/Tloc       4%         N/A       67%         3
 Vhi's Electric Charge    Tloc/Air       4%         N/A       67%         3
 Volatile Blastmotes      Fire/Tloc      4%         2d10      67%         3
 Call Canine Familiar     Summ           0%         N/A       86%         3
 Frozen Ramparts          Ice            0%         1d1       86%         3
 Hailstorm                Conj/Ice       0%         3d3       86%         3
 Inner Flame              Hex/Fire       0%         N/A       86%         3
 Mephitic Cloud           Conj/Pois/Air  0%         N/A       86%         3
 Spider Form              Tmut/Pois      0%         N/A       86%         3
 Stone Arrow              Conj/Erth      0%         3d7       86%         3
 Summon Guardian Golem    Hex/Summ       0%         N/A       86%         3
 Swiftness                Air            0%         N/A       86%         3
 Tukima's Dance           Hex            0%         N/A       86%         3
 Passage of Golubria      Tloc           5%         N/A       88%         4
 Iskenderun's Mystic Bla  Conj/Tloc      2%         2d3       97%         4
 Animate Armour           Summ/Erth      0%         N/A       99%         4
 Cause Fear               Hex            0%         N/A       99%         4
 Dispel Undead            Necr           0%         3d6       99%         4
 Fulminant Prism          Conj/Hex       0%         3d5       99%         4
 Ice Form                 Ice/Tmut       0%         N/A       99%         4
 Leda's Liquefaction      Hex/Erth       0%         N/A       99%         4
 Petrify                  Tmut/Erth      0%         N/A       99%         4
 Summon Ice Beast         Ice/Summ       0%         N/A       99%         4
 Summon Lightning Spire   Summ/Air       0%         N/A       99%         4
 Alistair's Intoxication  Tmut/Pois      0%         N/A       100%        5
 Arcjolt                  Conj/Air       0%         1d10      100%        5
 Blade Hands              Tmut           0%         N/A       100%        5
 Fireball                 Conj/Fire      0%         3d3       100%        5
 Irradiate                Conj/Tmut      0%         3d11      100%        5
 Iskenderun's Battlesphe  Conj           0%         2d6       100%        5
 Lee's Rapid Deconstruct  Erth           0%         3d4*      100%        5
 Metabolic Englaciation   Hex/Ice        0%         N/A       100%        5
 Silence                  Hex/Air        0%         N/A       100%        5
 Summon Forest            Summ/Tloc      1%         N/A       100%        5
 Summon Mana Viper        Hex/Summ       0%         N/A       100%        5
 Yara's Violent Unravell  Hex/Tmut       0%         3d3       100%        5
 Conjure Ball Lightning   Conj/Air       0%         3x3d6     100%        6
 Death Channel            Necr           0%         N/A       100%        6
 Dispersal                Tloc           2%         N/A       100%        6
 Eringya's Noxious Bog    Tmut/Pois      0%         N/A       100%        6
 Iron Shot                Conj/Erth      0%         9d1       100%        6
 Plasma Beam              Fire/Air       0%         2x1d11    100%        6
 Starburst                Conj/Fire      0%         6d3       100%        6
 Statue Form              Tmut/Erth      0%         N/A       100%        6
 Summon Cactus Giant      Summ           0%         N/A       100%        6
 Dragon Form              Tmut           0%         N/A       100%        7
 Enfeeble                 Hex            0%         N/A       100%        7
 Haunt                    Necr/Summ      0%         N/A       100%        7
 Malign Gateway           Summ/Tloc      1%         N/A       100%        7
 Monstrous Menagerie      Summ           0%         N/A       100%        7
 Orb of Destruction       Conj           0%         9d5       100%        7
 Ozocubu's Refrigeration  Ice            0%         4d7       100%        7
 Storm Form               Tmut/Air       0%         N/A       100%        7
 Summon Hydra             Summ           0%         N/A       100%        7
 Discord                  Hex            0%         N/A       100%        8
 Disjunction              Tloc           2%         N/A       100%        8
 Infestation              Necr           0%         N/A       100%        8
 Lehudib's Crystal Spear  Conj/Erth      0%         10d2      100%        8
 Maxwell's Capacitive Co  Air            0%         ∞         100%        8
 Summon Horrible Things   Summ           0%         N/A       100%        8
 Dragon's Call            Summ           0%         N/A       100%        9
 Polar Vortex             Ice            0%         N/A       100%        9
 Animate Dead             Necr           Unusable   N/A       N/A         4
 Simulacrum               Ice/Necr       Unusable   N/A       N/A         6

Dungeon Overview and Level Annotations

Branches:
Dungeon (15/15)            Temple (1/1) D:5            Lair (5/5) D:11
  Swamp (4/4) Lair:2       Spider (4/4) Lair:2        Slime (5/5) Lair:4
    Orc (2/2) D:9             Elf (3/3) Orc:2        Vaults (5/5) D:14
  Crypt (3/3) Vaults:3       Tomb (3/3) Crypt:3      Depths (4/4) D:15
   Hell (visited)             Dis (0/7) Hell            Geh (0/7) Hell
    Coc (0/7) Hell            Tar (5/7) Hell            Zot (2/5) Depths:4
 Bailey (visited)           IceCv (visited)         Gauntlet (visited)

Altars:
Ashenzari
Cheibriados
Dithmenos
Elyvilon
Fedhas
Gozag
Hepliaklqana
Kikubaaqudgha
Makhleb
Nemelex Xobeh
Okawaru
Qazlal
Ru
Sif Muna
Trog
Uskayaw
Vehumet
Wu Jian
Xom
Yredelemnul
Zin
The Shining One
Beogh
Jiyva
Lugonu

Shops:
D:4 (   D:5 !   D:12 :   D:14 *==   D:15 *(*   Orc:1 =?(   Orc:2 **[:?
Elf:1 !*   Vaults:2 *

Portals:
Hell: Depths:1 Depths:2 Depths:3 Depths:4
Abyss: Depths:1 Depths:2 Depths:3
Pandemonium: Depths:2
Ziggurat: Depths:2

Annotations:
Zot:2 Tiamat


Innate Abilities, Weirdness & Mutations

You have large cloven feet.
You have a somewhat thin skeletal structure. (Dex +2, Stealth+)
Armour fits poorly on your strangely shaped body.
You expend magic power (3 MP) to strengthen your wands.


Message History

The flying skull gives a hideous shriek!
The hellion gives a hideous shriek!
The death scarab is no longer distracted by gold.
The death scarab misses you.
The death scarab is distracted by your dazzling golden aura.
The death scarab bites you but does no damage.
The death scarab is distracted by your dazzling golden aura.
The death scarab bites you!
* * * LOW HITPOINT WARNING * * *
The death scarab drains your vigour!
You feel as though you will be slow longer.
The death scarab is distracted by your dazzling golden aura.
The ushabti is distracted by your dazzling golden aura.
The death scarab barely misses you.
The death scarab is distracted by your dazzling golden aura.
The death scarab's many legs skitter faintly. x3
Unknown command.
The death scarab is no longer distracted by gold. x2
The skeletal warrior is no longer distracted by gold.
The death scarab barely misses you. The death scarab closely misses you.
The death scarab bites you.
* * * LOW HITPOINT WARNING * * *
The death scarab drains your vigour!
You feel as though you will be slow longer.
The death scarab is distracted by your dazzling golden aura. x2
The death scarab closely misses you. The death scarab misses you.
The skeletal warrior is distracted by your dazzling golden aura.
The death scarab's many legs skitter faintly.
Unknown command.
Unknown command.
The death scarab attacks as you move away!
The death scarab closely misses you.
The death scarab is no longer distracted by gold. x2
The flying skull is no longer distracted by gold.
The death scarab bites you!
* * * LOW HITPOINT WARNING * * *
The death scarab is distracted by your dazzling golden aura. x3
The death scarab bites you!!
You die...
Your body crumbles into a pile of gold.

.^...B..B..○..
.M.9°.$.MBBB..
.L.9z.M.$BBBz.
.9BB.B$M.zBM.. ##+##
.$MBzM9☼z°B..# ###....##
.B§...9BM§9.B.B#
#.......##.9M...B9$BBz..##
.........##B.....BB....##
$.........@##....^.z...##
$$........BBB##...9....##
$$z.....z..B.B##...9..##
/$B$$...B...BB##§..§☼.#
|:B$$$$......B.#.$☼○☼B#
[=)/)$$.....°.°#..§.$.#
#:=/|[$....z...M$.§z.§+ $
#/)|=$$.^..9..#......#
#:§|:$.......#......# $


You could see a skeletal warrior, a guardian mummy, an ushabti, 9 death scarabs
and a flying skull.

Vanquished Creatures
  the Royal Jelly (Slime:5)
  Mara (Elf:3)
  11 royal mummies
  the Lernaean hydra (Swamp:4)
  Bai Suzhen (Vaults:4)
  Saint Roka (Elf:3)
  Geryon (Hell)
  12 golden dragons
  A caustic shrike (Depths:1)
  Nikola (Elf:3)
  Jory (Crypt:3)
  The ghost of Poanarph the Slayer, a veteran GrVM of Kikubaaqudgha (Depths:2)
  8 bone dragons
  3 profane servitors
  Arachne (Spider:2)
  3 Tzitzimimeh
  A shard shrike zombie (Crypt:3)
  3 electric golems
  9 doom hounds
  4 spectral shard shrikes
  A tainted leviathan (Tar:4)
  Rupert (D:14)
  A walking crystal tome (Depths:2)
  Mlioglotl (Spider:2)
  Jorgrun (Spider:2)
  3 liches
  5 tentacled monstrosities
  Asterion (Depths:2)
  A deep elf master archer (Elf:3)
  2 deep elf blademasters (Elf:3)
  4 quicksilver dragons
  24 acid blobs
  5 titans
  3 ancient champions
  3 tentacled starspawn
  5 death cobs
  Frances (Spider:1)
  The ghost of olmar the Peltast, an adept FoFi of Gozag (Elf:1)
  7 sphinxes
  Gastronok (Lair:2)
  6 shadow dragons
  A draconian monk (Zot:2)
  9 storm dragons
  15 rockslimes
  2 draconian knights (Zot:2)
  5 tengu reavers
  Donald (Orc:1)
  12 azure jellies
  6 fire giants
  4 revenants
  5 emperor scorpions
  9 deep elf sorcerers (Elf:3)
  A daeva (Depths:2)
  7 iron dragons
  4 spectral caustic shrikes
  6 ghost moths
  Aizul (Vaults:4)
  19 vault wardens
  A draconian stormcaller (Depths:4)
  11 frost giants
  6 deep elf elementalists (Elf:3)
  2 balrugs
  A cacodemon (Depths:2)
  A draconian scorcher (Zot:2)
  23 ironbound preservers
  6 ghouls
  An orc warlord (Vaults:3)
  2 draconian annihilators
  2 juggernaut zombies
  5 war gargoyles
  The ghost of xfalz the Thaumaturge, a journeyman GnSk of Ashenzari (Swamp:3)
  29 very ugly things
  A spriggan defender (Depths:3)
  6 reapers
  23 vampire knights
  9 ironbound thunderhulks
  12 quicksilver oozes
  17 stone giants
  8 green draconians
  A broodmother (Spider:2)
  4 red draconians
  Nessos (D:14)
  3 elemental wellsprings (Hell)
  10 deep elf demonologists (Elf:3)
  Azrael (Spider:1)
  5 eleionomae
  4 putrid mouths
  5 purple draconians
  An eleionoma (shapeshifter) (Vaults:4)
  4 bunyips
  5 black draconians
  A minotaur (Gauntlet)
  4 white draconians
  6 yellow draconians
  3 bennus (Tomb:2)
  8 deep elf annihilators
  The ghost of olmar the Basher, a journeyman AtFi of Gozag (Orc:1)
  7 spark wasps
  A wendigo (Hell)
  11 ettins
  10 dire elephants
  2 crystal guardians (Vaults:4)
  6 deep elf death magi (Elf:3)
  4 eidola
  A green death (Hell)
  2 spectral quicksilver dragons
  A merfolk impaler (Depths:3)
  14 mummy priests
  11 jiangshi
  6 entropy weavers
  5 deep elf high priests
  4 fire dragons
  3 rakshasas
  A shambling mangrove (Swamp:1)
  Josephine (D:14)
  Harold (D:9)
  15 yaktaur captains
  A quicksilver dragon skeleton (Crypt:1)
  A spriggan zombie (Abyss:3)
  15 great orbs of eyes
  Fannar (D:9)
  An ogre mage (Vaults:5)
  5 spectral spriggans
  3 peacekeepers
  Erolcha (D:9)
  An Orb Guardian zombie (Crypt:3)
  18 hydras
  6 jorogumos
  14 centaur warriors
  5 spriggan air magi
  5 hell beasts
  2 ghost crabs
  31 vault guards
  2 radroaches (Spider:4)
  8 alligators
  4 ironbound frosthearts
  10 ice dragons
  2 catoblepae
  4 deep troll shamans
  7 boulder beetles
  9 tengu warriors
  2 death knights
  2 two-headed ogres
  2 spectral stone giants
  31 dancing weapons
  4 death scarabs (Tomb:3)
  10 death yaks
  3 hell hogs
  Urug (D:13)
  An alligator (shapeshifter) (D:14)
  5 thrashing horrors
  6 deep troll earth magi
  4 orc high priests
  16 vampire magi
  An emperor scorpion zombie (Crypt:3)
  4 spriggan berserkers
  2 spectral dire elephants (Tar:3)
  23 spriggans
  21 deep elf knights
  7 hell knights (Depths:3)
  A titan zombie (Tomb:1)
  3 soul eaters
  A titan skeleton (Tomb:2)
  A shadow wraith (Crypt:3)
  7 sun demons
  6 iron trolls
  4 wretched stars
  A sixfirhy (Abyss:2)
  6 sun moths
  A bunyip zombie (Crypt:1)
  57 deep trolls
  8 goliath frogs
  8 pharaoh ants
  63 skeletal warriors
  An anaconda zombie (Abyss:2)
  14 orb spiders
  A quicksilver dragon simulacrum (Depths:4)
  A death drake (Swamp:4)
  6 glowing orange brains
  A spectral hydra (Tar:1)
  An orb spider (shapeshifter) (D:15)
  5 spriggan druids
  20 ironbound convokers
  20 swamp dragons
  22 phantasmal warriors
  A spectral iron dragon (Tar:3)
  A shadow dragon zombie (Vaults:3)
  8 flayed ghosts
  6 bog bodies
  A lindwurm (shapeshifter) (Vaults:4)
  A bunyip skeleton (Crypt:1)
  13 orc knights
  3 necromancers
  6 wizards
  A harpy (shapeshifter) (D:15)
  3 wolf spider zombies (Spider:3)
  2 spriggan simulacra (Hell)
  An orange crystal statue (Depths:2)
  2 spectral wolf spiders (Spider:3)
  12 deep elf archers
  31 deep elf pyromancers
  9 steelbarb worms
  8 lindwurms
  3 harpies
  An anaconda skeleton (Crypt:2)
  22 deep elf zephyrmancers
  62 ugly things
  20 wolf spiders
  3 cyclopes
  A stone giant zombie (Crypt:2)
  8 shining eyes
  6 orc sorcerers
  4 will-o-the-wisps
  4 elephants (Lair:5)
  2 spectral ettins
  A manticore (D:14)
  An iron dragon skeleton (Abyss:2)
  2 dire elephant zombies
  3 naga zombies
  A centaur zombie (Crypt:3)
  15 moths of wrath
  A black mamba (Lair:1)
  4 rust devils
  An eye of devastation (Slime:3)
  An orange demon (Abyss:3)
  2 gargoyles
  2 frost giant skeletons
  20 smoke demons
  8 torpor snails
  5 molten gargoyles (Hell)
  A centaur skeleton (Tomb:1)
  13 demonic crawlers
  18 vault sentinels
  14 cane toads
  2 ice statues (IceCv)
  Maggie (D:9)
  A torpor snail (shapeshifter) (Depths:4)
  A naga skeleton (Tomb:1)
  2 kobold demonologists
  2 rime drakes
  39 yaktaurs
  9 ice devils
  A spectral naga (Tar:3)
  6 komodo dragons
  2 unseen horrors (Abyss:3)
  2 hellions
  An alligator snapping turtle zombie (Crypt:3)
  A golden dragon simulacrum (Hell)
  2 harpy zombies
  6 freezing wraiths
  3 tormentors
  2 ancient zymes (Abyss:2)
  A human zombie (Vaults:3)
  5 tengu conjurers
  19 guardian mummies
  A death drake zombie (Crypt:1)
  4 trolls
  A death yak skeleton (Crypt:2)
  A red draconian skeleton (Crypt:2)
  A silent spectre (Tar:3)
  A red devil (Depths:2)
  9 meliai
  4 polar bears
  5 spectral harpies
  3 bloated husks
  A hornet (shapeshifter) (D:15)
  24 hornets
  A tarantella (shapeshifter) (Abyss:3)
  4 hellwings (Abyss:2)
  An ettin zombie (Vaults:3)
  2 wolf spider simulacra (Spider:3)
  28 tarantellas
  6 tyrant leeches
  20 blink frogs
  2 sphinx simulacra (Vaults:3)
  9 raiju
  2 stone giant simulacra (Hell)
  21 jumping spiders
  80 slime creatures
  3 black mamba zombies
  5 air elementals
  27 culicivoras
  30 flying skulls
  2 shadows
  A centaur simulacrum (Hell)
  15 wraiths
  11 water elementals
  4 ynoxinuls
  4 wyverns
  13 ushabtiu
  A human (shapeshifter) (Vaults:5)
  5 vampires
  22 yaks
  4 basilisks
  5 fire elementals
  10 golden eyes
  16 humans
  2 neqoxecs
  A redback (shapeshifter) (Depths:3)
  4 dire elephant simulacra
  7 large abominations
  52 redbacks
  A steam dragon (shapeshifter) (Elf:3)
  3 chaos spawn
  An alligator snapping turtle simulacrum (Hell)
  10 vampire mosquitoes
  9 wargs
  5 harpy simulacra
  19 swamp worms
  4 acid dragons
  13 water moccasins
  A demonspawn skeleton (Crypt:1)
  7 hell hounds
  A merfolk skeleton (Crypt:3)
  9 swamp drakes
  4 ice beasts
  3 hydra simulacra (IceCv)
  5 small abominations
  A two-headed ogre skeleton (Crypt:2)
  2 black bears
  A sky beast (D:8)
  An ice beast (shapeshifter) (Elf:3)
  42 orc warriors
  A black bear (shapeshifter) (Depths:2)
  A snapping turtle zombie (Crypt:3)
  13 ogres
  A hog zombie (Crypt:3)
  A manticore skeleton (Crypt:1)
  7 wolves
  13 centaurs
  5 boggarts
  A phantom (D:5)
  A salamander zombie (Crypt:1)
  7 kobold brigands
  A yaktaur zombie (Crypt:3)
  13 bullfrogs
  A komodo dragon zombie (Crypt:1)
  A rime drake skeleton (Crypt:1)
  A two-headed ogre simulacrum (IceCv)
  4 necrophages
  A draconian skeleton (Crypt:3)
  6 scorpions
  3 earth elementals
  8 wights
  A howler monkey (shapeshifter) (Elf:3)
  An electric eel (D:8)
  2 howler monkeys
  2 jellies
  A quasit (Abyss:3)
  17 orc priests
  2 gnoll boudas
  4 starcursed masses (Abyss:3)
  3 hounds
  Ijyb (D:3)
  7 iguanas
  3 sleepcaps
  25 orc wizards
  A polar bear simulacrum (IceCv)
  12 hell rats
  A statue (D:3)
  A boggart skeleton (Crypt:1)
  A sky beast zombie (Crypt:3)
  30 mummies
  Robin (D:4)
  9 adders
  19 gnolls
  A naga simulacrum (IceCv)
  A swamp drake skeleton (Crypt:2)
  4 white imps
  5 ufetubi
  A worm (D:3)
  2 dart slugs
  83 orcs
  6 ball pythons
  6 endoplasms
  2 giant cockroaches
  17 goblins
  7 hobgoblins
  7 jackals
  27 kobolds
  3 quokkas
  A ball python zombie (Crypt:2)
  6 bats
  7 frilled lizards
  A kobold skeleton (Crypt:3)
  5 rats
  2 spectral weapons
  2 starspawn tentacles (Abyss:2)
2662 creatures vanquished.

Vanquished Creatures (collateral kills)
  4 royal mummies (Tomb:1)
  An ancient champion (Tomb:1)
  A deep elf annihilator (Elf:3)
  3 bennus (Tomb:2)
  A spark wasp (Spider:2)
  A mummy priest (Tomb:1)
  2 death scarabs (Tomb:3)
  A skeletal warrior (Tomb:2)
  A bunyip skeleton (Tomb:2)
  12 guardian mummies
  5 flying skulls
  2 ushabtiu (Tomb:3)
  A redback (Spider:2)
  9 mummies
44 creatures vanquished.

Vanquished Creatures (others)
  4 royal mummies
  An ancient champion (Tomb:3)
  A revenant (Tomb:2)
  An azure jelly (shapeshifter) (Vaults:5)
  A stone giant (Vaults:5)
  2 bennus (Tomb:3)
  An eidolon (Crypt:1)
  6 mummy priests (Tomb:3)
  A dancing weapon (Elf:3)
  15 death scarabs (Tomb:3)
  A deep elf knight (Elf:2)
  A skeletal warrior (Tomb:3)
  A deep elf archer (Elf:3)
  17 guardian mummies
  A hydra zombie (Tomb:3)
  A bloated husk (Swamp:3)
  A stone giant simulacrum (Hell)
  9 flying skulls
  A naga simulacrum (Hell)
  9 ushabtiu (Tomb:3)
  A golden eye (Abyss:3)
  A swamp worm (Swamp:4)
  An acid dragon (Zot:2)
  A swamp drake (Swamp:1)
  A boggart (Vaults:1)
  A kobold brigand (D:9)
  6 mummies
  4 foxfires
  A lurking horror (Abyss:3)
  11 starspawn tentacles
103 creatures vanquished.

Grand Total: 2809 creatures vanquished

Notes
Turn   | Place    | Note
-------+----------+-------------------------------------------
     0 | D:1      | monsoonserge the Hill Orc Fighter began the quest for the
                  | Orb.
     0 | D:1      | Reached XP level 1. HP: 19/19 MP: 1/1
   108 | D:1      | Reached XP level 2. HP: 27/27 MP: 2/2
   194 | D:1      | Reached skill level 4 in Fighting
   384 | D:1      | Reached XP level 3. HP: 32/33 MP: 3/3
   644 | D:2      | Found a snail-covered altar of Cheibriados.
   720 | D:2      | Reached XP level 4. HP: 39/40 MP: 4/4
  1151 | D:3      | Found a radiant altar of Vehumet.
  1151 | D:3      | Noticed a frost-covered statue
  1257 | D:3      | Reached XP level 5. HP: 47/47 MP: 5/5
  1306 | D:3      | You are sucked into a shaft and drop 1 floor!
  1344 | D:3      | Noticed Ijyb
  1398 | D:3      | Killed Ijyb
  1547 | D:3      | Found a bloodstained altar of Trog.
  1555 | D:3      | Found an iron altar of Okawaru.
  1557 | D:3      | Found a white marble altar of Elyvilon.
  1560 | D:3      | Found a basalt altar of Yredelemnul.
  1752 | D:3      | Found a shadowy altar of Dithmenos.
  1924 | D:3      | Killed a frost-covered statue
  1925 | D:3      | Reached skill level 5 in Axes
  2110 | D:4      | Reached skill level 1 in Evocations
  2110 | D:4      | Reached XP level 6. HP: 55/55 MP: 6/6
  2170 | D:4      | Noticed Robin
  2180 | D:4      | Killed Robin
  2390 | D:4      | Found an ancient bone altar of Kikubaaqudgha.
  2512 | D:4      | Reached skill level 1 in Dodging
  2614 | D:4      | Reached skill level 5 in Fighting
  2678 | D:4      | Reached XP level 7. HP: 53/61 MP: 7/7
  2996 | D:4      | Found Pifrani's Weapon Shoppe.
  3125 | D:5      | Entered Level 5 of the Dungeon
  3443 | D:5      | Found a sacrificial altar of Ru.
  3461 | D:5      | Found an ornate altar of the Wu Jian Council.
  3473 | D:5      | Found a staircase to the Ecumenical Temple.
  3492 | Temple   | Entered the Ecumenical Temple
  3505 | Temple   | Became a worshipper of Gozag Ym Sagoz the Greedy
  3589 | D:5      | Reached skill level 1 in Throwing
  3594 | D:5      | Reached skill level 6 in Fighting
  3619 | D:5      | Found Mysouba's Distillery.
  3658 | D:5      | Reached XP level 8. HP: 54/71 MP: 8/8
  3984 | D:5      | Reached skill level 7 in Fighting
  4239 | D:6      | Reached skill level 5 in Armour
  4376 | D:6      | Reached skill level 8 in Fighting
  4411 | D:4      | Bought the +3 greatsling "Punk" {acid, rCorr} for 438 gold
                  | pieces
  4411 | D:4      | Found the +3 greatsling "Punk" {acid, rCorr}
  4631 | D:6      | Noticed a yak
  4631 | D:6      | Noticed a yak
  4632 | D:6      | Noticed a yak
  4633 | D:6      | Noticed a yak
  4639 | D:6      | Noticed a yak
  4745 | D:6      | Killed a yak
  4746 | D:6      | Reached skill level 1 in Ranged Weapons
  4776 | D:6      | Killed a yak
  4846 | D:6      | Killed a yak
  4847 | D:6      | Reached XP level 9. HP: 82/82 MP: 9/9
  5304 | D:5      | Bought a potion of curing for 33 gold pieces
  5304 | D:5      | Bought a potion of heal wounds for 55 gold pieces
  5641 | D:7      | Reached skill level 5 in Ranged Weapons
  5684 | D:5      | Bought a potion of haste for 110 gold pieces
  5977 | D:7      | HP: 4/82 [poisoned by an orc wizard]
  6843 | D:8      | Reached XP level 10. HP: 90/90 MP: 10/10
  7178 | D:8      | Reached skill level 9 in Fighting
  7545 | D:8      | Learned a level 2 spell: Passwall
  7552 | D:8      | Identified the +10 broad axe of Feppiudgh {flame, rC+ Int+2
                  | Dex+2}
  7740 | D:9      | Found a flagged portal.
  7774 | Bailey   | Entered a bailey
  8004 | Bailey   | Noticed an orc knight
  8010 | Bailey   | Killed an orc knight
  8276 | D:9      | Noticed Maggie
  8285 | D:9      | Killed Maggie
  8503 | D:9      | Noticed Erolcha
  8521 | D:9      | Killed Erolcha
  8656 | D:9      | Noticed a +0 falchion
  8657 | D:9      | Noticed a +0 spear
  8658 | D:9      | Noticed a +0 falchion
  8658 | D:9      | Noticed a +0 dagger
  8658 | D:9      | Noticed a +0 short sword
  8659 | D:9      | Noticed a +0 spear
  8659 | D:9      | Noticed a +0 dagger
  8659 | D:9      | Noticed a +0 short sword
  8673 | D:9      | Found a hide-covered altar of Uskayaw.
  8691 | D:9      | Found a staircase to the Orcish Mines.
  8709 | D:9      | Reached skill level 10 in Axes
  8819 | D:9      | Reached skill level 5 in Shields
  8820 | D:9      | Reached XP level 11. HP: 92/99 MP: 11/11
  9203 | D:9      | Noticed Harold
  9208 | D:9      | Killed Harold
  9209 | D:9      | Reached skill level 10 in Fighting
  9414 | D:10     | Entered Level 10 of the Dungeon
  9420 | D:10     | Noticed a two-headed ogre
  9599 | D:10     | Killed a two-headed ogre
  9720 | D:10     | Found a shimmering altar of Xom.
  9748 | D:10     | Found a snail-covered altar of Cheibriados.
 10294 | D:11     | Found a staircase to the Lair.
 10462 | D:11     | Noticed a two-headed ogre
 10474 | D:11     | Killed a two-headed ogre
 11373 | D:12     | Noticed a cyclops
 11382 | D:12     | Killed a cyclops
 11683 | D:12     | Found Xarajaze's Book Shoppe.
 11834 | D:12     | Noticed a boulder beetle
 11835 | D:12     | Noticed a green ugly thing
 11854 | D:12     | Killed a boulder beetle
 11855 | D:12     | Reached XP level 12. HP: 73/108 MP: 12/12
 11869 | D:13     | Noticed an eight-headed hydra
 11875 | D:13     | Killed a four-headed hydra
 11876 | D:13     | Reached skill level 11 in Fighting
 12011 | D:13     | Noticed a tengu warrior
 12024 | D:13     | Killed a tengu warrior
 12163 | D:13     | Identified the ring of Paur {rC- Str+4 SInv}
 12475 | Lair:1   | Entered Level 1 of the Lair of Beasts
 12488 | Lair:1   | Found a gate leading to a gauntlet.
 12506 | Lair:1   | Reached skill level 1 in Stealth
 12506 | Lair:1   | Reached XP level 13. HP: 117/117 MP: 13/13
 12507 | Lair:1   | Reached skill level 12 in Fighting
 12507 | Lair:1   | Reached skill level 10 in Ranged Weapons
 12507 | Lair:1   | Reached XP level 14. HP: 127/127 MP: 14/14
 12512 | Gauntlet | Entered a Gauntlet
 12512 | Gauntlet | Found a large runed translucent door.
 12512 | Gauntlet | Found a large runed translucent door.
 12512 | Gauntlet | Found a large runed translucent door.
 12512 | Gauntlet | Found a large runed translucent door.
 12512 | Gauntlet | Found a runed translucent door.
 12512 | Gauntlet | Found a large runed translucent door.
 12512 | Gauntlet | Found a large runed translucent door.
 12512 | Gauntlet | Found a transporter.
 12512 | Gauntlet | Found a transporter.
 12512 | Gauntlet | Found a large runed translucent door.
 12512 | Gauntlet | Found a large runed translucent door.
 12512 | Gauntlet | Found a runed translucent gate.
 12512 | Gauntlet | Found a runed translucent gate.
 12512 | Gauntlet | Found a transporter.
 12512 | Gauntlet | Found a transporter.
 12513 | Gauntlet | Found a runed translucent door.
 12513 | Gauntlet | Found a runed translucent gate.
 12518 | Gauntlet | Found a transporter.
 12528 | Gauntlet | Found a transporter.
 12530 | Gauntlet | Found a transporter.
 12557 | Gauntlet | Found a large runed translucent door.
 12557 | Gauntlet | Found a large runed translucent door.
 12558 | Gauntlet | Found a large runed translucent door.
 12558 | Gauntlet | Found a large runed translucent door.
 12562 | Gauntlet | Found a transporter.
 12568 | Gauntlet | Found a transporter.
 12568 | Gauntlet | Found a large runed translucent door.
 12568 | Gauntlet | Found a large runed translucent door.
 12569 | Gauntlet | Found a large runed translucent door.
 12570 | Gauntlet | Found a large runed translucent door.
 12574 | Gauntlet | Found a transporter.
 12673 | Gauntlet | Found a transporter.
 12698 | Gauntlet | Found a transporter.
 12837 | Gauntlet | Identified the +2 pair of gloves of Hedonism {rC+}
 12980 | Gauntlet | Reached skill level 5 in Evocations
 12987 | Gauntlet | Reached skill level 15 in Axes
 12990 | Gauntlet | HP: 6/127 [poisoned by a meliai]
 13538 | Gauntlet | Identified the ring "Puohoxeitt" {rPois rC+ rN+ rCorr}
 13539 | Gauntlet | Got the Codex of the Gestalt
 13791 | Lair:1   | Identified the +3 ring mail of Ziaxiz {rN+ Int+4 Dex-2}
 14052 | Lair:1   | Reached skill level 13 in Fighting
 14068 | Lair:1   | Identified the +9 scale mail "Quufur" {Harm Drain rC+}
 14527 | Lair:2   | Noticed Gastronok
 14542 | Lair:2   | Killed Gastronok
 14682 | Lair:2   | Found a hole to the Spider Nest.
 14873 | Lair:2   | Found a staircase to the Swamp.
 15711 | Lair:3   | Reached XP level 15. HP: 119/136 MP: 15/15
 15787 | Lair:3   | Found a transporter.
 15787 | Lair:3   | Found a transporter.
 15979 | Lair:3   | Found a frozen archway.
 15992 | IceCv    | Entered an ice cave
 16132 | IceCv    | Found the +4 skin of Zhor {*Englaciate rC+++ SInv}
 16378 | IceCv    | Reached skill level 14 in Fighting
 17206 | Lair:4   | Found a staircase to the Slime Pits.
 17206 | Lair:4   | Found a viscous altar of Jiyva.
 17871 | Lair:5   | Entered Level 5 of the Lair of Beasts
 17918 | Lair:5   | Reached skill level 10 in Armour
 18165 | Lair:5   | Reached skill level 5 in Dodging
 18361 | Lair:5   | Got the Directory of Rationality
 18497 | Lair:5   | Identified the +7 plate armour of Nuidom {rElec}
 19393 | Spider:1 | Entered Level 1 of the Spider Nest
 19466 | Spider:1 | Noticed Azrael
 19480 | Spider:1 | Killed Azrael
 19965 | Spider:1 | Noticed Frances
 19977 | Spider:1 | Killed Frances
 20565 | Spider:1 | Reached XP level 16. HP: 147/147 MP: 16/16
 20612 | Spider:1 | Reached skill level 15 in Fighting
 21297 | Spider:1 | Reached skill level 5 in Throwing
 21968 | Spider:2 | Noticed Arachne
 22000 | Spider:2 | Killed Arachne
 22005 | Spider:2 | HP: 7/149 [poisoned by Arachne]
 22375 | Spider:2 | Noticed Jorgrun
 22400 | Spider:2 | Killed Jorgrun
 22867 | Orc:1    | Entered Level 1 of the Orcish Mines
 22876 | Orc:1    | Found Fediuf's Antique Weapon Shop.
 22919 | Orc:1    | Noticed Fannar
 22947 | D:9      | Killed Fannar
 23162 | Orc:2    | Entered Level 2 of the Orcish Mines
 23190 | Orc:2    | Noticed Donald
 23223 | Orc:1    | Killed Donald
 23450 | Orc:2    | Found a staircase to the Elven Halls.
 23813 | Orc:2    | Found Bisup's Armour Emporium.
 23946 | Orc:1    | Found a runed translucent door.
 23947 | Orc:1    | Noticed olmar's ghost (journeyman AtFi)
 23955 | Orc:1    | Found Donutt's Magic Scroll Emporium.
 24005 | Orc:1    | Found Fizyddaw's Jewellery Emporium.
 24167 | Orc:1    | Killed olmar's ghost
 24620 | Orc:2    | Reached skill level 10 in Shields
 24674 | Orc:2    | Found Ruixi's Magic Scroll Boutique.
 24674 | Orc:2    | Found Qixefeh's General Store.
 24676 | Orc:2    | Found Sobli's Book Shoppe.
 24676 | Orc:2    | Found Eryfait's Assorted Antiques.
 24696 | Orc:2    | Bought a scroll of blinking for 97 gold pieces
 24696 | Orc:2    | Bought a scroll of teleportation for 39 gold pieces
 24696 | Orc:2    | Bought a scroll of teleportation for 39 gold pieces
 24696 | Orc:2    | Bought a scroll of teleportation for 39 gold pieces
 24706 | Orc:2    | Bought a scroll labelled YJUALY BOMOER for 38 gold pieces
 24708 | Orc:2    | Bought a potion of curing for 39 gold pieces
 24852 | Elf:1    | Entered Level 1 of the Elven Halls
 25129 | Elf:1    | Found a runed translucent gate.
 25129 | Elf:1    | Found a runed translucent gate.
 25129 | Elf:1    | Found a runed translucent gate.
 25129 | Elf:1    | Noticed a titan
 25129 | Elf:1    | Noticed olmar's ghost (adept FoFi)
 25130 | Elf:1    | Noticed a titan
 25131 | Elf:1    | Found an iron altar of Okawaru.
 25242 | Elf:1    | Found Fumo's General Store.
 25247 | Elf:1    | Bought a wand of light (2) for 109 gold pieces
 25349 | Elf:1    | Reached skill level 16 in Fighting
 25351 | Elf:1    | Identified the +6 scimitar of the Forest {drain, rF+ rN+
                  | Int+2 Stlth-}
 25635 | Elf:1    | Reached XP level 17. HP: 158/158 MP: 17/17
 25686 | Abyss:2  | Found a corrupted altar of Lugonu.
 25686 | Abyss:2  | Cast into level 2 of the Abyss (+1 trident of distortion)
 25699 | Abyss:2  | Noticed a bone dragon
 25739 | Abyss:2  | Gained mutation: You are vulnerable to heat. (rF-) [a
                  | neqoxec]
 26029 | Abyss:2  | Noticed a tentacled starspawn
 26046 | Abyss:2  | Killed a tentacled starspawn
 26104 | Abyss:2  | Lost mutation: You are vulnerable to heat. (rF-) [potion of
                  | mutation]
 26104 | Abyss:2  | Gained mutation: You are resistant to electric shocks.
                  | (rElec) [potion of mutation]
 26104 | Abyss:2  | Gained mutation: You are robust. (+10% HP) [potion of
                  | mutation]
 26104 | Abyss:2  | Gained mutation: A frigid envelope surrounds you and
                  | freezes all who hurt you. [potion of mutation]
 26200 | Abyss:2  | Reached skill level 5 in Stealth
 26282 | Abyss:2  | Noticed a tentacled starspawn
 26296 | Abyss:2  | Killed a tentacled starspawn
 26323 | Abyss:2  | Noticed a tentacled starspawn
 26342 | Elf:1    | Escaped the Abyss
 26543 | Orc:2    | Bought +1 fire dragon scales for 804 gold pieces
 26745 | Elf:1    | Found an ancient bone altar of Kikubaaqudgha.
 27128 | Elf:1    | Found Utubizut's Distillery.
 27131 | Elf:1    | Bought 2 potions of berserk rage for 170 gold pieces
 28018 | Elf:2    | Paralysed by an air elemental for 1 turns
 28766 | Elf:2    | Found a runed translucent gate.
 28766 | Elf:2    | Found a runed translucent gate.
 28766 | Elf:2    | Found a runed translucent gate.
 29025 | Elf:2    | Identified the +6 great mace of Vithruzuq {heavy, Int+4}
 29079 | Elf:2    | Paralysed by an air elemental for 1 turns
 29273 | Elf:3    | Entered Level 3 of the Elven Halls
 29321 | Elf:3    | Paralysed by an air elemental for 1 turns
 29365 | Elf:3    | Noticed Mara
 29383 | Elf:3    | Noticed monsoonserge's illusion
 29397 | Elf:3    | Killed Mara
 29581 | Elf:3    | Noticed Nikola
 29599 | Elf:3    | Killed Nikola
 29600 | Elf:3    | Reached XP level 18. HP: 181/184 MP: 18/18
 29838 | Elf:3    | Got the Almanac of Transition
 29987 | Elf:3    | Reached skill level 17 in Fighting
 29993 | Elf:3    | Noticed a deep elf blademaster
 30006 | Elf:3    | Killed a deep elf blademaster
 30263 | Elf:3    | Noticed a Tzitzimitl
 30275 | Elf:3    | Noticed a Hell Sentinel
 30279 | Elf:3    | Noticed a Brimstone Fiend
 30284 | Elf:3    | Noticed a Hell Sentinel
 31055 | Elf:3    | Noticed a Hell Sentinel
 31267 | Elf:3    | Noticed a deep elf blademaster
 31296 | Elf:3    | Killed a deep elf blademaster
 31419 | Elf:3    | Noticed a Brimstone Fiend
 31429 | Elf:3    | Noticed a Hell Sentinel
 31450 | Abyss:2  | Cast into level 2 of the Abyss (a deep elf demonologist)
 31609 | Abyss:2  | Noticed a tentacled monstrosity
 31642 | Abyss:3  | Found a corrupted altar of Lugonu.
 31737 | Abyss:3  | Paralysed by an air elemental for 1 turns
 31749 | Abyss:3  | Reached skill level 18 in Fighting
 32143 | Elf:3    | Escaped the Abyss
 32366 | Elf:3    | Noticed a deep elf master archer
 32369 | Elf:3    | Identified the ring of Othoylev {Wiz Str+2}
 32485 | Elf:3    | Killed a deep elf master archer
 32617 | Abyss:3  | Cast into level 3 of the Abyss (a deep elf demonologist)
 32641 | Abyss:3  | Found a corrupted altar of Lugonu.
 32646 | Abyss:3  | Found a corrupted altar of Lugonu.
 32658 | Elf:3    | Escaped the Abyss
 32658 | Elf:3    | Identified the +4 spear "Qologim" {antimagic, rC+}
 32658 | Elf:3    | Identified the amulet "Kigan" {Acrobat Int+2}
 32665 | Elf:3    | Reached XP level 19. HP: 196/196 MP: 19/19
 32665 | Elf:3    | Identified the +6 scale mail of a bazaar {Int+7}
 32695 | Elf:3    | Identified the ring "Kenwor" {rElec rN+ Dex+3 Slay+2}
 33103 | Elf:3    | Noticed Saint Roka
 33147 | Elf:3    | Killed Saint Roka
 34088 | Elf:1    | Bought a potion of degeneration for 13 gold pieces
 34164 | Elf:1    | Bought a potion of curing for 51 gold pieces
 34164 | Elf:1    | Bought a potion of might for 68 gold pieces
 34291 | Orc:2    | Bought a potion of haste for 130 gold pieces
 34345 | Orc:1    | Bought a scroll of noise for 14 gold pieces
 34833 | Spider:2 | Noticed Mlioglotl
 34846 | Spider:2 | Killed Mlioglotl
 35892 | Spider:3 | Paralysed by a jorogumo for 1 turns
 36306 | Spider:3 | Reached skill level 19 in Fighting
 36676 | Spider:4 | Entered Level 4 of the Spider Nest
 37767 | Spider:4 | Reached XP level 20. HP: 200/210 MP: 20/20
 38010 | Spider:4 | Paralysed by a jorogumo for 2 turns
 38347 | Spider:4 | Reached XP level 21. HP: 218/218 MP: 2/21
 38526 | Spider:4 | Got a gossamer rune of Zot
 39027 | Swamp:1  | Entered Level 1 of the Swamp
 40115 | Swamp:2  | Reached skill level 20 in Fighting
 40322 | Swamp:2  | Identified a scroll of acquirement
 40325 | Swamp:2  | Acquired a +1 pair of gloves of infusion
 41299 | Swamp:3  | Found a large runed translucent door.
 41299 | Swamp:3  | Found a large runed translucent door.
 41302 | Swamp:3  | Noticed xfalz's ghost (journeyman GnSk)
 41323 | Swamp:3  | Killed xfalz's ghost
 41336 | Swamp:3  | Identified the +0 robe of Pessimism {Rampage rF- rC++
                  | Dex+3}
 41447 | Swamp:4  | Entered Level 4 of the Swamp
 42031 | Swamp:4  | Identified the +6 whip "Moliegri" {vamp, rF+++ Will+ Str+4
                  | Stlth-}
 42281 | Swamp:4  | Noticed the 27-headed Lernaean hydra
 42286 | Swamp:4  | Killed the 27-headed Lernaean hydra
 42289 | Swamp:4  | Reached XP level 22. HP: 212/232 MP: 5/22
 42473 | Swamp:4  | Got a decaying rune of Zot
 42845 | Lair:2   | Upgraded the game from 0.30.0-19-g36f170ea60 to
                  | 0.30.0-20-g3b4254fcbd
 43003 | D:12     | Identified the +1 leather armour of Bedazzled the Leaf
                  | {rN++ Slay-4 SInv}
 43078 | D:12     | Found a roughly hewn altar of Beogh.
 43620 | D:13     | Reached skill level 15 in Ranged Weapons
 44305 | D:14     | Noticed Rupert
 44305 | D:14     | Noticed Nessos
 44305 | D:14     | Noticed Urug
 44305 | D:14     | Found a gate to the Vaults.
 44307 | D:14     | Reached skill level 21 in Fighting
 44354 | D:13     | Killed Urug
 44899 | D:14     | Noticed Josephine
 44907 | D:14     | Killed Josephine
 45060 | D:14     | Killed Nessos
 45321 | D:14     | Killed Rupert
 45805 | D:15     | Entered Level 15 of the Dungeon
 45916 | D:15     | Found Xecwam's Antique Weapon Shoppe.
 45934 | D:15     | Bought a crystal broad axe for 189 gold pieces
 45934 | D:15     | Identified the +2 broad axe "Beetlebane" {freeze, rC+ rN+
                  | Will-} (You bought it in a shop on level 15 of the Dungeon)
 46312 | D:15     | Reached skill level 15 in Shields
 46830 | D:15     | Found Esynies's Assorted Antiques.
 47100 | D:15     | Found a staircase to the Depths.
 47203 | Depths:1 | Entered Level 1 of the Depths
 47505 | Depths:1 | Reached skill level 22 in Fighting
 47715 | Depths:1 | Found a one-way gate to the infinite horrors of the Abyss.
 47790 | Depths:1 | Noticed a caustic shrike
 47800 | Depths:1 | Killed a caustic shrike
 48385 | Depths:1 | Found a gateway to Hell.
 48602 | Depths:2 | Noticed Asterion
 48766 | Depths:2 | Found a transporter.
 48899 | Depths:2 | Identified the ring "Aceleb" {rF- rC+ rN+ EV+5 Int+2}
 48925 | Depths:2 | Killed Asterion
 48926 | Depths:2 | Reached XP level 23. HP: 183/246 MP: 0/23
 49069 | Depths:2 | Found a one-way gateway to a ziggurat.
 49809 | Vaults:1 | Entered Level 1 of the Vaults
 50749 | Vaults:1 | Reached skill level 23 in Fighting
 53305 | Depths:2 | Found a one-way gate leading to the halls of Pandemonium.
 53386 | Depths:2 | Found a runed translucent gate.
 53386 | Depths:2 | Found a runed translucent gate.
 53386 | Depths:2 | Found a runed translucent gate.
 53386 | Depths:2 | Noticed Poanarph's ghost (veteran GrVM)
 53586 | Depths:2 | Found a transporter.
 53978 | Depths:3 | Found an ornate altar of the Wu Jian Council.
 54336 | Depths:3 | Found a shadowy altar of Dithmenos.
 54405 | Depths:3 | Reached skill level 24 in Fighting
 54744 | Depths:3 | Reached XP level 24. HP: 261/261 MP: 21/23
 54938 | Depths:3 | Found a corrupted altar of Lugonu.
 55204 | Depths:4 | Entered Level 4 of the Depths
 55235 | Depths:4 | Found a white marble altar of Elyvilon.
 55336 | Hell     | Entered the Vestibule of Hell
 55336 | Hell     | Noticed Geryon
 55589 | Depths:4 | Reached skill level 15 in Armour
 55994 | Depths:4 | Found a gate to the Realm of Zot.
 56534 | Depths:4 | Found a corrupted altar of Lugonu.
 57402 | Vaults:2 | Identified the ring of Fajuf {rC+ rN+ rCorr Str+3}
 57533 | Vaults:2 | Found Ytwifomp's General Store.
 57554 | Vaults:2 | Bought a scroll of acquirement for 988 gold pieces
 57554 | Vaults:2 | Acquired the +0 kite shield of Jemet {Will+++}
 58938 | Vaults:3 | Found a staircase to the Crypt.
 59596 | Vaults:3 | Reached skill level 25 in Fighting
 59624 | Vaults:3 | You fall into a shaft and drop 1 floor!
 60505 | Vaults:3 | Reached XP level 25. HP: 226/275 MP: 5/23
 60787 | Vaults:3 | Identified the +0 leather armour of Distant Worlds {Str+4
                  | Int-3}
 61092 | Vaults:4 | Noticed Aizul
 61098 | Vaults:4 | Killed Aizul
 61127 | Vaults:4 | Found the ring of the Octopus King {HP+2 MP+9 AC+2 EV+2
                  | SH+2}
 61432 | Vaults:4 | Noticed Bai Suzhen
 62680 | Vaults:4 | Killed Bai Suzhen
 63073 | Vaults:5 | Entered Level 5 of the Vaults
 63177 | Crypt:1  | Entered Level 1 of the Crypt
 63186 | Crypt:1  | Identified the +1 shortbow of Animal Spirits {drain, rElec
                  | rCorr MP+9 Str-3}
 63769 | Crypt:1  | Reached skill level 26 in Fighting
 64155 | Crypt:1  | Identified the +2 flail of Premature Burial {flame, *Rage
                  | rC++}
 64527 | Crypt:2  | Reached skill level 1 in Maces & Flails
 64546 | Crypt:2  | Reached skill level 1 in Polearms
 65494 | Crypt:3  | Entered Level 3 of the Crypt
 65633 | Crypt:3  | Found a staircase to the Tomb.
 66149 | Crypt:3  | Reached XP level 26. HP: 201/290 MP: 13/23
 66421 | Crypt:3  | Found an ancient bone altar of Kikubaaqudgha.
 66452 | Crypt:3  | Noticed Jory
 66472 | Crypt:3  | Killed Jory
 66578 | Crypt:3  | Found the +8 demon blade "Leech" {evervamp, Harm Drain rN+}
 67943 | D:14     | Bought the +3 pair of seven-league boots {Rampage+∞} for
                  | 2000 gold pieces
 67943 | D:14     | Found the +3 pair of seven-league boots {Rampage+∞}
 67966 | D:14     | Bought the amulet of the Four Winds {rN+ Will+++ Clar} for
                  | 849 gold pieces
 67966 | D:14     | Found the amulet of the Four Winds {rN+ Will+++ Clar}
 68116 | Vaults:5 | Reached skill level 27 in Fighting
 68542 | Vaults:5 | Identified the ring "Ytrengo" {rN+ Will- rCorr Int+6}
 69243 | Elf:1    | Killed olmar's ghost
 69552 | Hell     | Killed Geryon
 70656 | Depths:2 | Killed Poanarph's ghost
 70672 | Depths:2 | Identified the +2 pair of boots "Hosonu" {rN+ Str+3 Int+5}
 70986 | Depths:2 | Identified the +0 hat "Ygew" {-Tele Str+3 Stlth+}
 70988 | Depths:2 | Identified the staff of fire "Kafithroa" {rF+ rC++ Will++}
 71340 | Slime:1  | Entered Level 1 of the Pits of Slime
 71715 | Slime:2  | Reached XP level 27. HP: 300/300 MP: 15/23
 72297 | Slime:2  | Gained mutation: Potions are less effective at restoring
                  | your health. [a shining eye]
 72300 | Slime:2  | Gained mutation: You are vulnerable to heat. (rF-) [a
                  | shining eye]
 72347 | Slime:2  | Gained mutation: Your spells are a little easier to cast,
                  | but a little less powerful. [a shining eye]
 72605 | Slime:3  | Gained mutation: Your spells are easier to cast, but less
                  | powerful. [a shining eye]
 73565 | Slime:5  | Entered Level 5 of the Pits of Slime
 73599 | Slime:5  | Gained mutation: You occasionally shout uncontrollably at
                  | your foes. [a shining eye]
 73600 | Slime:5  | Gained mutation: Armour fits poorly on your strangely
                  | shaped body. [a shining eye]
 73603 | Slime:5  | Gained mutation: Your magical capacity is low. (-10% MP) [a
                  | shining eye]
 73646 | Slime:4  | Lost mutation: You occasionally shout uncontrollably at
                  | your foes. [potion of mutation]
 73646 | Slime:4  | Lost mutation: Armour fits poorly on your strangely shaped
                  | body. [potion of mutation]
 73646 | Slime:4  | Lost mutation: Potions are less effective at restoring your
                  | health. [potion of mutation]
 73646 | Slime:4  | Gained mutation: You possess an exceptional clarity of
                  | mind. [potion of mutation]
 73647 | Slime:4  | Lost mutation: You are robust. (+10% HP) [potion of
                  | mutation]
 73647 | Slime:4  | Lost mutation: A frigid envelope surrounds you and freezes
                  | all who hurt you. [potion of mutation]
 73647 | Slime:4  | Lost mutation: You are vulnerable to heat. (rF-) [potion of
                  | mutation]
 73647 | Slime:4  | Gained mutation: You occasionally lose the ability to read
                  | scrolls when taking damage. [potion of mutation]
 73647 | Slime:4  | Lost mutation: Your spells are easier to cast, but less
                  | powerful. [potion of mutation]
 73648 | Slime:4  | Lost mutation: You possess an exceptional clarity of mind.
                  | [potion of mutation]
 73648 | Slime:4  | Lost mutation: You are resistant to electric shocks.
                  | (rElec) [potion of mutation]
 73648 | Slime:4  | Lost mutation: Your spells are a little easier to cast, but
                  | a little less powerful. [potion of mutation]
 73648 | Slime:4  | Lost mutation: Your magical capacity is low. (-10% MP)
                  | [potion of mutation]
 73648 | Slime:4  | Gained mutation: You occasionally shout uncontrollably at
                  | your foes. [potion of mutation]
 73648 | Slime:4  | Gained mutation: Your spells are a little harder to cast,
                  | but a little more powerful. [potion of mutation]
 73649 | Slime:4  | Lost mutation: Your spells are a little harder to cast, but
                  | a little more powerful. [potion of mutation]
 73649 | Slime:4  | Lost mutation: You occasionally lose the ability to read
                  | scrolls when taking damage. [potion of mutation]
 73649 | Slime:4  | Lost mutation: You occasionally shout uncontrollably at
                  | your foes. [potion of mutation]
 73649 | Slime:4  | Gained mutation: You expend magic power (3 MP) to
                  | strengthen your wands. [potion of mutation]
 73649 | Slime:4  | Gained mutation: You have large cloven feet. [potion of
                  | mutation]
 73649 | Slime:4  | Gained mutation: You have a somewhat thin skeletal
                  | structure. (Dex +2, Stealth+) [potion of mutation]
 74121 | Slime:2  | You fall into a shaft and drop 2 floors!
 74224 | Slime:5  | Gained mutation: Armour fits poorly on your strangely
                  | shaped body. [a shining eye]
 74298 | Slime:5  | Noticed the Royal Jelly
 74488 | Slime:5  | Killed the Royal Jelly
 74852 | Slime:5  | Found the +8 autumn katana {manifold assault}
 74852 | Slime:5  | Found the dreamshard necklace {*Dream Drain}
 74900 | Slime:5  | Identified the +7 quarterstaff "Jonumyrch" {freeze, rF++
                  | rC+}
 74932 | Slime:5  | Identified the +4 short sword of the Fray {heavy, Fly rPois
                  | rF+ Int-5}
 74999 | Slime:5  | Got a slimy rune of Zot
 75000 | Slime:5  | Identified the +7 rapier of Valuable Assets {venom, +Blink
                  | Int+2 Dex+2}
 76253 | Vaults:5 | Reached skill level 10 in Evocations
 76567 | Vaults:5 | Identified the ring "Mahiz" {rElec rC+ rN+ MP+9}
 77977 | Vaults:5 | Acquired a manual of Stealth
 78062 | Vaults:5 | Identified the +1 mace of Success {flame, rC+ rCorr Int+3}
 78065 | Vaults:5 | Identified the +6 quarterstaff of the People {drain, Str+3
                  | Stlth+}
 78457 | Vaults:5 | Identified the +0 shortbow of Superiority {flame, Dex+5}
 78463 | Vaults:5 | Identified the +4 ring mail of Baqed {Slay+3}
 78472 | Vaults:5 | Got a silver rune of Zot
 78566 | Vaults:5 | Identified the +2 pair of boots of Eternal Night {rElec
                  | rCorr Str+4 Dex-2}
 79105 | Tomb:1   | Entered Level 1 of the Tomb of the Ancients
 80892 | Tomb:1   | Noticed a royal mummy
 80904 | Tomb:1   | Killed a royal mummy
 81170 | Tomb:1   | Identified the +3 pearl dragon scales of Charity {rPois rN+
                  | Str+7}
 81328 | Tomb:2   | Noticed a royal mummy
 81328 | Tomb:2   | Noticed a royal mummy
 81337 | Tomb:2   | Noticed a royal mummy
 81340 | Tomb:2   | Noticed a royal mummy
 81863 | Hell     | Reached skill level 10 in Stealth
 82273 | Hell     | Found a gateway to the freezing wastes of Cocytus.
 82383 | Hell     | Found a gateway to the Iron City of Dis.
 82599 | Hell     | Found a gateway to the ashen valley of Gehenna.
 82700 | Hell     | Found a gateway to the decaying netherworld of Tartarus.
 82751 | Tar:1    | Entered Level 1 of Tartarus
 86227 | Zot:1    | Entered Level 1 of the Realm of Zot
 86732 | Zot:1    | Identified the +4 mace of Hetteoll {freeze, rC+}
 88041 | Zot:2    | Found the +5 Lochaber axe {reach-cleave, Poleaxe Drain}
 88275 | Zot:2    | Identified the ring of the Sunfish {rC+ Str+3}
 88281 | Zot:2    | Identified the +2 ice dragon scales of Summer {*Corrode rF-
                  | rC++ rN+ Dex+3}
 88801 | Zot:2    | Reached skill level 10 in Dodging
 88858 | Zot:2    | Found the +4 dragonskin cloak
 88858 | Zot:2    | Noticed Tiamat
 89200 | D:5      | Bought a potion of curing for 33 gold pieces
 89200 | D:5      | Bought a potion of cancellation for 88 gold pieces
 89200 | D:5      | Bought a potion of heal wounds for 55 gold pieces
 89200 | D:5      | Bought a potion of haste for 110 gold pieces
 89729 | Tomb:2   | Killed a royal mummy
 89734 | Tomb:2   | Killed a royal mummy
 89735 | Tomb:2   | Killed a royal mummy
 90045 | Tomb:2   | Killed a royal mummy
 90791 | Tomb:1   | Noticed a royal mummy
 90791 | Tomb:1   | Noticed a royal mummy
 90791 | Tomb:1   | Noticed a royal mummy
 90792 | Tomb:1   | Noticed a royal mummy
 90792 | Tomb:1   | Noticed a royal mummy
 90794 | Tomb:1   | Killed a royal mummy
 90795 | Tomb:1   | Noticed a royal mummy
 90799 | Tomb:1   | Killed a royal mummy
 90799 | Tomb:1   | Noticed a royal mummy
 90800 | Tomb:1   | Killed a royal mummy
 90805 | Tomb:1   | Killed a royal mummy
 90879 | Tomb:1   | Noticed a royal mummy
 90887 | Tomb:1   | Killed a royal mummy
 91035 | Tomb:1   | Learned a level 2 spell: Blink
 91052 | Tomb:1   | Noticed a royal mummy
 91060 | Tomb:1   | Killed a royal mummy
 91066 | Tomb:1   | Noticed a royal mummy
 91067 | Tomb:1   | Noticed a royal mummy
 91067 | Tomb:1   | Noticed a royal mummy
 91067 | Tomb:1   | Noticed a royal mummy
 91074 | Tomb:1   | Killed a royal mummy
 91074 | Tomb:1   | Killed a royal mummy
 91075 | Tomb:1   | Killed a royal mummy
 91076 | Tomb:1   | Reached skill level 1 in Spellcasting
 91076 | Tomb:1   | Reached skill level 1 in Translocations
 91079 | Tomb:1   | HP: 11/273 [royal mummy/divine providence (9)]
 91101 | Tomb:1   | Killed a royal mummy
 91101 | Tomb:1   | HP: 3/273 [something (19)]
 92145 | Tomb:2   | Upgraded the game from 0.30.0-20-g3b4254fcbd to
                  | 0.30.0-29-ga12c61a403
 92147 | Tomb:3   | Entered Level 3 of the Tomb of the Ancients
 92163 | Tomb:3   | Noticed a royal mummy
 92164 | Tomb:3   | Noticed a royal mummy
 92164 | Tomb:3   | Noticed a royal mummy
 92172 | Tomb:3   | Killed a royal mummy
 92211 | Tomb:3   | HP: 11/273 [death scarab (12)]
 92211 | Tomb:3   | Mangled by a death scarab

Illustrated notes

Levels and vault maps discovered:
D:1:      scummos_arrival_checkerplants, layout_loops_ring, feat_on_display
D:2:      layout_basic, basic_altar, minmay_pentomino_v2
D:3:      layout_basic, mainiacjoe_overflow_brackets, vehumet_statue,
          minitemple, uniq_ijyb
D:4:      minmay_door_path, layout_basic, lemuel_crystal_altar, serial_shops,
          nicolae_shop_crystal, uniq_robin
D:5:      layout_loops_ring, kennysheep_mini_moat, nicolae_ru_awakened_eye,
          minmay_temple_entry_stoned_glass, serial_shops, shop_coins
D:6:      layout_basic
D:7:      layout_loops_cross
D:8:      layout_basic, fountainhead, nicolae_straight_to_the_point
D:9:      layout_grid_maze, nicolae_uskayaw_en_pointe, david_orc_2,
          enter_bailey_3, uniq_maggie, uniq_erolcha, uniq_harold
D:10:     layout_cross, cheibriados_altar_1, xom_teletrap_fun
D:11:     layout_layer_cave, due_lair_maze_entry_diamond
D:12:     layout_roguey [special_room_orc], serial_shops,
          nicolae_shop_tiny_glass
D:13:     layout_gridville
D:14:     layout_cave_pods, david_vaults_3, nicolae_two_hexagons, uniq_josephine
D:15:     gammafunk_enter_depths_forms, layout_long_grid, serial_shops,
          nicolae_lakefront_shop, shop, chequers_serial_rivers_small_a
Temple:   hellmonk_temple_rainy
Lair:1:   wander_river, layout_hall_layers, gauntlet_entry_generic,
          worms_lemuel, lemuel_fruit_tree
Lair:2:   layout_regular_city, palyth_hydra_swamp_entry,
          nicolae_spider_entry_orb_guardian, uniq_gastronok
Lair:3:   gammafunk_boulding_lane, layout_gridlike,
          portal_ice_cave_demonic_guard
Lair:4:   layout_hall_layers, minmay_slime_entry_pillars
Lair:5:   grunt_lair_end_beastmaster, layout_cave_pods,
          nicolae_quartered_pool_impasse, minivault_23
Swamp:1:  layout_falls_marsh, evilmike_swamp_ruin_house_1, swamp_pool2,
          hangedman_swamp_dais
Swamp:2:  nicolae_swamp_ascending_descending, layout_basic_swamp,
          evilmike_swamp_ruin_house_2, swamp_pool1
Swamp:3:  layout_basic_swamp, ebering_ghost_disaster_area,
          nicolae_swamp_some_circles, swamp_pool3, kb_tengu_band
Swamp:4:  swamp_old_school, layout_basic_swamp, infiniplex_staircase_pool_2
Spider:1: layout_chambers, uniq_frances, uniq_azrael
Spider:2: layout_spider_delve, uniq_mlioglotl, uniq_jorgrun, uniq_arachne
Spider:3: layout_spider_delve, nicolae_spider_undead_wolf_pack
Spider:4: johnstein_spider_rune_arachne_lair, nicolae_spider_webbed_stairs
Slime:1:  layout_caves
Slime:2:  layout_caves
Slime:3:  layout_caves
Slime:4:  layout_caves
Slime:5
Orc:1:    layout_diamond_mine, ebering_ghost_inner_flame, serial_shops,
          shop_statue, shop, nicolae_shop_hallway_plus, uniq_fannar, uniq_urug
Orc:2:    st_orc_elflike, layout_diamond_mine, serial_shops,
          nicolae_shop_behind_doors, uniq_donald
Elf:1:    minmay_the_grid_square_5x5_3x3 [minmay_the_grid_square_5x5_bite,
          minmay_the_grid_square_5x5_two_walls_b,
          minmay_the_grid_square_5x5_one_wall,
          minmay_the_grid_square_5x5_shrine2,
          minmay_the_grid_square_5x5_megaprize_hollow,
          minmay_the_grid_square_5x5_shrine1,
          minmay_the_grid_square_5x5_n_small, minmay_the_grid_square_5x5_bridge,
          minmay_the_grid_square_5x5_n], layout_gridlike,
          gammafunk_ghost_fury_of_okawaru, serial_shops, shop,
          nicolae_shop_hallway_plus, hangedman_elf_represent, st_stairs_6,
          lemuel_flamethrower_2
Elf:2:    nicolae_elf_blades_crystal_corner, layout_gridlike
Elf:3:    minmay_elf_hall_hex, layout_loops_corners,
          nicolae_elf_shapeshifter_party, uniq_nikola, uniq_mara,
          uniq_saint_roka
Vaults:1: vaults_room_ringed_pool, nicolae_vaults_alarming,
          nicolae_vaults_storage_room_glass, nicolae_vaults_network_periphery,
          vaults_mumra_chevron, hangedman_vaults_trim, v_misc_27,
          nicolae_vaults_more_shelving_1, nicolae_vaults_house_1,
          nicolae_vaults_double_plus_1, layout_vaults_omnibox
Vaults:2: nicolae_vaults_diffraction_hallways, vaults_mumra_minichess,
          nicolae_vaults_wrenched, nicolae_vaults_ring_of_whatevers,
          nicolae_vaults_twisting_passages, v_misc_2, hangedman_vaults_stagger,
          vaults_dpeg_diagonal, nicolae_vaults_closet_pinwheel_1,
          layout_vaults_big_room, serial_shops, nicolae_shop_peninsula
Vaults:3: vaults_room_grunt_arrival_ludios, nicolae_vaults_little_squares_3,
          serial_ice_g, minmay_crypt_entry_vampire_xt, vaults_room_pool,
          vaults_room_fours, st_spiral_rooms, v_misc_31, v_alt_pattern_5,
          hangedman_vaults_cutoff, hangedman_vaults_stream,
          nicolae_vaults_little_squares_1, nicolae_vaults_little_squares_5,
          hangedman_vaults_stretched_pinwheel, nicolae_vaults_tetromino_Z_2,
          layout_vaults_maze
Vaults:4: ontoclasm_vaults_chip, v_alt_pattern_2, vaults_room_door_ring,
          grunt_vaults_twisty, ontoclasm_vaults_decontamination,
          nicolae_vaults_tetromino_L_1, nicolae_vaults_two_Ls,
          nicolae_vaults_ring_of_whatevers, layout_vaults_quadrants,
          uniq_bai_suzhen, uniq_aizul
Vaults:5: serial_shops
Crypt:1:  layout_rooms, glass_columns_a, grunt_megastairs_4
Crypt:2:  layout_chaotic_city, uniq_margery
Crypt:3:  church_of_pain_bobbens, layout_chaotic_city
Tomb:1
Tomb:2
Tomb:3
Depths:1: layout_basic, minmay_crystal_room, grunt_hell_entry_dis_old,
          abyss_entry_crystal, minmay_fractal_squares_gapless_7,
          serial_bayou_shore_a
Depths:2: gammafunk_sealed_arena, layout_gridville, enter_ziggurat_d, pan_entry,
          abyss_entry_small_statue_room, pf_hell_entry_great_geh,
          biasface_ghost_demon_polymorph, minmay_misc_feat_plants,
          infiniplex_staircase_zigzag_4, uniq_asterion
Depths:3: minmay_inner_zag, layout_basic, abyss_entry_flame_altar,
          nicolae_wu_jian_immortal_techniques, hell_entry,
          nicolae_dithmenos_shadow_blocks
Depths:4: evilmike_zot_entry_argh, layout_long_grid, elyvilon_altar_5,
          grunt_mini_vestibule, tgw_lugonu_bribe, serial_bayou_shore_b,
          uniq_jory
Hell
Tar:1:    layout_grid_maze, nicolae_tar_cuneiform_heaven
Tar:2:    layout_honeycomb
Tar:3:    layout_grid_maze, nicolae_tar_spectre_spectrum
Tar:4:    layout_catacombs
Tar:5:    nicolae_tar_checkpoint_tarlie, layout_cathedral_of_symmetry,
          lemuel_nasty_fountain
Zot:1:    nicolae_moth_party, layout_onion
Zot:2:    layout_misc_corridors, st_large_dragon_hoard_3, uniq_tiamat,
          uniq_josephina

Skill      XL: |  1  2  3  4  5  6  7  8  9 10 11 12 13 14 15 16 17 18 19 20 21 22 23 24 25 26 27 |
---------------+----------------------------------------------------------------------------------+-----
Axes           | 3 4 5 7 10 12 13 14 16 18 19 20 21 22 23 24 25 26 | 26.9
Fighting       | 4 5 6 8 9 10 11 12 13 14 16 18 19 20 22 24 25 26 27 | 27.0
Armour         | 4 6 7 8 9 10 11 12 13 14 15 16 17 20 | 20.3
Shields        | 4 5 7 8 9 10 11 12 13 14 15 16 18 20 24 | 24.3
Evocations     | 1 2 3 4 5 6 7 8 9 13 | 13.0
Dodging        | 1 2 3 4 5 6 7 8 10 | 10.7
Throwing       | 1 2 3 4 6 7 8 9 |  9.0
Ranged Weapons | 2 6 7 8 9 10 11 12 13 14 15 16 17 | 17.6
Stealth        | 1 2 7 8 9 13 | 13.6
Maces & Flails | 2 4 |  4.4
Polearms       | 3 4 |  4.9
Spellcasting   | 2 |  2.0
Translocations | 2 |  2.7

Action                     |  1- 3 |  4- 6 |  7- 9 | 10-12 | 13-15 | 16-18 | 19-21 | 22-24 | 25-27 || total
---------------------------+-------+-------+-------+-------+-------+-------+-------+-------+-------++-------
  Melee: War axe           |   116 |   166 |   134 |       |       |       |       |       |       ||   416
         Greatsling        |       |       |     1 |       |       |       |       |       |       ||     1
         Broad axe         |       |       |       |   210 |   490 |   873 |   816 |  1347 |  2237 ||  5973
         Lochaber axe      |       |       |       |       |       |       |       |       |   161 ||   161
   Fire: Greatsling        |       |       |   136 |   144 |   214 |   650 |   428 |   635 |   735 ||  2942
  Throw: Dart              |       |       |     4 |     2 |    15 |    21 |     3 |     8 |     3 ||    56
         Boomerang         |       |       |       |     1 |       |       |       |       |       ||     1
         Throwing net      |       |       |       |       |     1 |       |       |       |       ||     1
   Cast: Passwall          |       |       |       |     2 |       |       |       |       |       ||     2
 Invoke: Potion Petition   |       |       |       |       |     1 |       |       |       |     4 ||     5
         Call Merchant     |       |       |       |       |       |       |       |       |     4 ||     4
         Bribe Branch      |       |       |       |       |       |       |       |       |     2 ||     2
  Evoke: Wand              |       |       |       |     1 |       |     4 |       |     4 |     2 ||    11
         Phantom mirror    |       |       |       |     1 |       |     2 |     1 |       |     1 ||     5
         Lightning rod     |       |       |       |       |       |     6 |     4 |       |     8 ||    18
         Tin of tremorston |       |       |       |       |       |       |       |     1 |     6 ||     7
    Use: Potion            |       |       |     1 |     1 |     5 |     6 |     3 |       |    17 ||    33
         Scroll            |       |       |       |     6 |     7 |     2 |    11 |     3 |    21 ||    50
   Stab: Distracted        |       |       |       |       |     3 |     5 |    12 |    15 |    29 ||    64
         Invisible         |       |       |       |       |       |     2 |     1 |       |       ||     3
         Sleeping          |       |       |       |       |       |     1 |     1 |     1 |       ||     3
         Petrifying        |       |       |       |       |       |       |       |     1 |       ||     1
 Armour: Scale mail        |    55 |    89 |    61 |    44 |       |       |       |       |       ||   249
         Swamp dragon scal |       |       |       |    76 |    18 |       |       |       |       ||    94
         Storm dragon scal |       |       |       |       |   128 |       |       |       |       ||   128
         Plate armour      |       |       |       |       |    77 |   197 |       |    56 |   573 ||   903
         Fire dragon scale |       |       |       |       |       |    85 |   241 |   232 |       ||   558
         Pearl dragon scal |       |       |       |       |       |       |       |       |   244 ||   244
  Dodge: Dodged            |    67 |    67 |    66 |   131 |   190 |   312 |   301 |   340 |   790 ||  2264
  Block: Buckler           |    35 |    53 |    87 |   157 |   190 |    69 |       |       |       ||   591
         Reflection        |       |     2 |     2 |    11 |     2 |    63 |    15 |    57 |   103 ||   255
         Kite shield       |       |       |       |       |       |   460 |   541 |   584 |  1629 ||  3214
